 Dungeon Crawl Stone Soup version 0.28.0-53-g5a82cb258f (webtiles) character file.

Game seed: 9459733247977970550

539024 pkoi the Devastator (level 23, 0/199 HPs)
             Began as a Demigod Conjurer on May 29, 2022.
             Splashed by an acid blob's acid (3 damage)
             ... created by the Royal Jelly
             ... on level 5 of the Pits of Slime on May 31, 2022.
             The game lasted 04:25:18 (135992 turns).

pkoi the Devastator (Demigod Conjurer)            Turns: 135992, Time: 04:25:19

Health: 0/199      AC: 13    Str:  6    XL:     23   Next: 54%
Magic:  17/75      EV: 15    Int: 53    God:
Gold:   4070       SH:  5    Dex: 12    Spells: 8/50 levels left

rFire   + + .      SeeInvis .   b - +7 lajatang of Order {silver, rMut}
rCold   + . .      Faith    .   (shield currently unavailable)
rNeg    . . .      Spirit   .   T - +1 steam dragon scales "Agiyl" {Will+ rCorr}
rPois   +          Reflect  +   k - +3 hat of Pondering {ponderous, Will+ MP+10 Int+5}
rElec   .          Harm     .   N - scarf {rC+ rF+}
rCorr   +          Rampage  .   t - +2 pair of gloves {infuse}
rMut    +                       Y - +2 pair of boots
Will    +++++                   i - amulet of Cyeluibb {Reflect Will+ MP+9 SH+5}
Stlth   ++++......              O - ring of magical power
HPRegen 0.43/turn               A - ring of Zygan {rPois rF+}
MPRegen 0.44/turn

@: engulfed (cannot breathe), corroded, studying Fighting, slow
A: high MP 1, forlorn, divine attributes, weak 1
}: 3/15 runes: barnacled, abyssal, gossamer
a: no special abilities


You were on level 5 of the Pits of Slime.
You visited 9 branches of the dungeon, and saw 45 of its levels.
You visited the Abyss 2 times.
You also visited: Sewer, Bailey, Ice Cave and Volcano.

You collected 6059 gold pieces.
You spent 1989 gold pieces at shops.

Inventory:

Hand Weapons
 a - the +3 Elemental Staff {rElec rF++ rC++ AC+5}
   (You took it off an orc in a bailey)

   If the wielder is skilled in Evocations, they can discharge powerful blasts
   of elemental energy when striking with it.
   It enhances your fire, ice, earth and air magic.
   AC:        It affects your AC (+5).
   rF:        It greatly protects you from fire.
   rC:        It greatly protects you from cold.
   rElec:     It insulates you from electricity.
 b - the +7 lajatang of Order (weapon) {silver, rMut}
   (You took it off a deep elf sorcerer on level 3 of the Elven Halls)

   It inflicts extra damage upon those it strikes, and deals substantially
   increased damage to chaotic, mutated and magically transformed beings.
   rMut:      It protects you from mutation.
Missiles
 C - 9 curare-tipped darts
 E - 5 throwing nets
 Z - 5 boomerangs of dispersal
Armour
 k - the +3 hat of Pondering (worn) {ponderous, Will+ MP+10 Int+5}
   (You bought it in a shop on level 2 of the Vaults)

   Int:       It affects your intelligence (+5).
   MP:        It affects your magic capacity (+10).
   Will:      It increases your willpower.
 t - a +2 pair of gloves of infusion (worn)
 N - a scarf of resistance (worn)
 T - the +1 steam dragon scales "Agiyl" (worn) {Will+ rCorr}
   (You took it off a deep elf annihilator on level 3 of the Elven Halls)

   rCorr:     It protects you from acid and corrosion.
   Will:      It increases your willpower.
 V - a +2 helmet of see invisible
 Y - a +2 pair of boots (worn)
Jewellery
 h - a +6 ring of intelligence
 i - the amulet of Cyeluibb (around neck) {Reflect Will+ MP+9 SH+5}
   (You found it on level 2 of the Spider Nest)

   [amulet of reflection]

   It reflects blocked missile attacks.
   MP:        It affects your magic capacity (+9).
   SH:        It affects your SH (+5).
   Will:      It increases your willpower.
 l - a ring of flight
 r - a ring of resist corrosion
 A - the ring of Zygan (right hand) {rPois rF+}
   (You took it off a deep elf sorcerer on level 3 of the Elven Halls)

   [ring of protection from fire]

   rF:        It protects you from fire.
   rPois:     It protects you from poison.
 D - a ring of protection from cold
 M - a ring of positive energy
 O - a ring of magical power (left hand)
Wands
 c - a wand of mindburst (28)
 j - a wand of digging (12)
 s - a wand of iceblast (45)
 w - a wand of paralysis (15)
 G - a wand of polymorph (14)
 I - a wand of flame (85)
 R - a wand of charming (7)
 X - a wand of acid (2)
Scrolls
 f - 3 scrolls of summoning
 m - 4 scrolls of enchant weapon
 p - a scroll of immolation
 u - 5 scrolls of teleportation
 y - 8 scrolls of blinking
 B - 10 scrolls of fear
 L - 8 scrolls of fog
 Q - 6 scrolls of magic mapping
 W - a scroll of holy word
Potions
 d - 2 potions of magic
 e - 3 potions of berserk rage
 g - 7 potions of brilliance
 o - 4 potions of ambrosia
 q - 8 potions of might
 v - 3 potions of invisibility
 z - 2 potions of resistance
 F - 5 potions of haste
 H - 21 potions of curing
 J - 3 potions of cancellation
 K - 7 potions of heal wounds
 P - 8 potions of flight
Miscellaneous
 n - a condenser vane


   Skills:
 - Level 15.0 Fighting
 - Level 14.0 Staves
 - Level 9.0 Armour
 - Level 9.0 Dodging
 - Level 10.0 Stealth
 - Level 14.0 Spellcasting
 - Level 18.2 Conjurations
 - Level 6.0 Hexes
 + Level 2.0 Summonings
 - Level 6.0 Translocations
 - Level 6.4 Transmutations
 - Level 3.3 Fire Magic
 - Level 17.4 Earth Magic
 - Level 3.4 Poison Magic
 - Level 9.0 Evocations


You had 8 spell levels left.
You knew the following spells:

 Your Spells              Type           Power      Damage    Failure   Level
a - Magic Dart            Conj           100%       1d8       0%          1
b - Searing Ray           Conj           100%       2d8       0%          2
c - Stone Arrow           Conj/Erth      100%       3d13      0%          3
d - Iskenderun's Mystic   Conj/Tloc      100%       2d19      1%          4
e - Fulminant Prism       Conj/Hex       52%        3d23      1%          4
f - Lee's Rapid Deconstr  Erth           61%        3d29*     0%          5
g - Petrify               Tmut/Erth      100%       N/A       1%          4
h - Ignite Poison         Fire/Tmut/Pois 71%        N/A       1%          3
i - Apportation           Tloc           100%       N/A       1%          1
j - Lehudib's Crystal Sp  Conj/Erth      61%        10d14     1%          8
k - Spellforged Servitor  Conj/Summ      49%        N/A       6%          7

Your spell library contained the following spells:

 Spells                   Type           Power      Damage    Failure   Level
 Foxfire                  Conj/Fire      100%       2x1d9     0%          1
 Passwall                 Tmut/Erth      86%        N/A       0%          2
 Dazzling Flash           Conj/Hex       100%       N/A       0%          3
 Animate Skeleton         Necr           74%        N/A       1%          1
 Freeze                   Ice            100%       1d11      1%          1
 Pain                     Necr           100%       1d9       1%          1
 Sting                    Tmut/Pois      100%       1d8       1%          1
 Summon Small Mammal      Summ           100%       N/A       1%          1
 Call Imp                 Summ           56%        N/A       1%          2
 Corpse Rot               Necr/Air       74%        N/A       1%          2
 Ensorcelled Hibernation  Hex/Ice        100%       N/A       1%          2
 Static Discharge         Conj/Air       93%        N/A       1%          2
 Sublimation of Blood     Necr           37%        N/A       1%          2
 Wereblood                Tmut           81%        N/A       1%          2
 Call Canine Familiar     Summ           56%        N/A       1%          3
 Frozen Ramparts          Ice            74%        1d9       1%          3
 Mephitic Cloud           Conj/Pois/Air  85%        N/A       1%          3
 Ozocubu's Armour         Ice            37%        N/A       1%          3
 Portal Projectile        Hex/Tloc       100%       N/A       1%          3
 Spider Form              Tmut/Pois      74%        N/A       1%          3
 Swiftness                Air            37%        N/A       1%          3
 Anguish                  Hex/Necr       31%        N/A       1%          4
 Animate Armour           Summ/Erth      100%       N/A       1%          4
 Hailstorm                Conj/Ice       93%        3d18      1%          4
 Ice Form                 Ice/Tmut       63%        N/A       1%          4
 Leda's Liquefaction      Hex/Erth       52%        N/A       1%          4
 Passage of Golubria      Tloc           79%        N/A       1%          4
 Freezing Cloud           Conj/Ice/Air   39%        6-21      1%          5
 Irradiate                Conj/Tmut      53%        3d31      1%          5
 Starburst                Conj/Fire      50%        6d14      1%          6
 Statue Form              Tmut/Erth      69%        N/A       1%          6
 Summon Ice Beast         Ice/Summ       48%        N/A       3%          4
 Metabolic Englaciation   Hex/Ice        31%        N/A       3%          5
 Silence                  Hex/Air        31%        N/A       3%          5
 Animate Dead             Necr           18%        N/A       4%          4
 Dispel Undead            Necr           37%        3d15      4%          4
 Dispersal                Tloc           39%        N/A       6%          6
 Agony                    Necr           37%        N/A       13%         5
 Excruciating Wounds      Necr           18%        N/A       13%         5
 Death Channel            Necr           18%        N/A       58%         6
 Simulacrum               Ice/Necr       18%        N/A       58%         6
 Storm Form               Tmut/Air       31%        N/A       73%         7
 Summon Hydra             Summ           28%        N/A       86%         7
 Haunt                    Necr/Summ      24%        N/A       95%         7
 Disjunction              Tloc           39%        N/A       95%         8
 Infestation              Necr           18%        N/A       100%        8
 Polar Vortex             Ice            18%        N/A       100%        9


Dungeon Overview and Level Annotations

Branches:
Dungeon (15/15)            Temple (0/1) D:6            Lair (6/6) D:9
 Shoals (4/4) Lair:4       Spider (4/4) Lair:3        Slime (5/5) Lair:5
    Orc (2/2) D:9             Elf (3/3) Orc:2        Vaults (4/5) D:14
  Crypt (0/3) Vaults:2     Depths (2/4) D:15          Sewer (visited)
 Bailey (visited)           IceCv (visited)         Volcano (visited)

Shops:
Orc:2 *=*=   Elf:1 ((*   Elf:2 *   Elf:3 ?   Shoals:4 **=!   Vaults:2 [=
Vaults:3 ?   Depths:1 *

Portals:
Hell: Depths:1
Abyss: Depths:1
Pandemonium: Depths:1 Depths:2
Trove: D:14 (give 4 potions of resistance)

Annotations:
D:10 2 transporters, issech's ghost, journeyman MiMo
D:13 3 runed translucent doors, Poefus's ghost, journeyman OgCj
Elf:2 3 runed translucent doors
Vaults:2 2 transporters


Innate Abilities, Weirdness & Mutations

You have an increased reservoir of magic. (+10% MP)
You shall have no god before yourself.
Your divine heritage dramatically boosts your attributes as you level up.
You are weak. (Str -2)


Message History

The blast of rock fragments hits the rockslime!!!
You kill the rockslime!
That felt strangely unrewarding.
The Royal Jelly shudders violently.
The Royal Jelly spits out three more jellies.
The rockslime hits you!
* * * LOW HITPOINT WARNING * * *
You hold your ground!
The quicksilver ooze hits you. x2
* * * LOW HITPOINT WARNING * * *
You feel your power leaking away. The rockslime misses you.
The rockslime closely misses you. You block the acid blob's attack.
The Royal Jelly hits you!!
* * * LOW HITPOINT WARNING * * *
You are splashed with acid.
You resist.
* * * LOW HITPOINT WARNING * * *
The Royal Jelly hits you!
* * * LOW HITPOINT WARNING * * *
You are splashed with acid.
You resist.
* * * LOW HITPOINT WARNING * * *
Unknown command.
Unknown command.
Casting: Lee's Rapid Deconstruction (safe; 0% risk of failure)
Confirm with . or Enter, or press ? or * to list all spells.
Aiming: Lehudib's Crystal Spear (dangerous; 1% risk of failure)
Press: ? - help, Shift-Dir - straight line, f - Royal Jelly
Aim: the Royal Jelly (almost dead, 96% to hit)
The crystal spear hits the Royal Jelly!!!
You kill the Royal Jelly!
You feel a strange vibration for a moment.
With an infernal noise, the power ruling this place vanishes!
The dying Royal Jelly spits out three more jellies.
The quicksilver ooze hits you!
* * * LOW HITPOINT WARNING * * *
The quicksilver ooze engulfs you!
You block the quicksilver ooze's attack.
The rockslime barely misses you.
The rockslime hits you but does no damage.
The rockslime misses you. The acid blob hits you!!
* * * LOW HITPOINT WARNING * * *
You are splashed with acid.
You resist.
You die...

...............................
..............................
..............................
..............................
..............................
............................##
..........J..J..............#
..........JJJJJ.............#
..###....JJJ.@........##.####
#. ###....JJJJ.....######
##....#....#### ###...####.#
#...# ## #####


You could see 2 acid blobs, 3 azure jellies, 5 rockslimes and 4 quicksilver
oozes.

Vanquished Creatures
  the Royal Jelly (Slime:5)
  Mara (Spider:3)
  Bai Suzhen (Depths:2)
  A golden dragon (Depths:2)
  The ghost of Feagond the Warrior, an adept HOMo of Beogh (Vaults:4)
  Mlioglotl (Spider:1)
  A walking crystal tome (Depths:2)
  Rupert (Lair:4)
  2 deep elf blademasters
  2 deep elf master archers (Elf:3)
  19 acid blobs
  5 sphinxes
  A tentacled starspawn (Abyss:4)
  Donald (Shoals:1)
  Roxanne (Elf:2)
  A tengu reaver (Depths:2)
  A storm dragon (Depths:2)
  A fire giant (Depths:2)
  5 azure jellies
  14 rockslimes
  2 emperor scorpions
  7 frost giants
  Louise (Spider:3)
  3 orc warlords
  7 deep elf sorcerers
  Aizul (Depths:2)
  11 vault wardens
  9 ironbound preservers
  6 ghost moths
  4 deep elf elementalists (Elf:3)
  A war gargoyle (Vaults:1)
  7 quicksilver oozes
  3 broodmothers
  A reaper (IceCv)
  8 ironbound thunderhulks
  The ghost of greena the Tortoise, a journeyman MiBe of Trog (Shoals:1)
  16 very ugly things
  A vampire knight (Depths:2)
  4 stone giants
  8 deep elf demonologists
  5 dire elephants
  6 deep elf annihilators (Elf:3)
  Azrael (Elf:2)
  9 spark wasps
  6 entropy weavers
  5 deep elf death magi
  2 crystal guardians
  A quicksilver dragon zombie (Depths:1)
  Snorg (D:12)
  2 merfolk javelineers (Shoals:4)
  A blizzard demon (Depths:1)
  10 yaktaur captains
  5 fire dragons
  2 ettins (Depths:2)
  A deep elf high priest (Elf:3)
  The ghost of GilGalad the Nimble, a journeyman DjFE of Gozag (D:11)
  7 merfolk impalers
  A rakshasa (Depths:2)
  Fannar (Lair:2)
  14 hydras
  5 ice dragons
  10 boulder beetles
  An ice dragon (shapeshifter) (Vaults:3)
  16 vault guards
  10 great orbs of eyes
  3 peacekeepers
  A merfolk avatar (Shoals:1)
  3 jorogumos
  5 spriggan air magi (Depths:2)
  Erolcha (Orc:2)
  An alligator snapping turtle (Shoals:3)
  2 death knights (Vaults:2)
  3 merfolk aquamancers
  2 radroaches (Spider:4)
  4 centaur warriors
  2 ogre magi
  12 two-headed ogres
  5 satyrs
  11 ironbound frosthearts
  4 tengu warriors
  15 dancing weapons
  A death yak (Lair:4)
  7 deep troll earth magi
  5 orc high priests (Orc:2)
  3 deep troll shamans
  Urug (Lair:2)
  2 vampire magi (Depths:2)
  3 thrashing horrors (Abyss:4)
  A titan zombie (D:15)
  Sonja (Orc:1)
  21 deep elf knights
  A soul eater (Depths:1)
  6 sun demons
  2 spriggan berserkers (Depths:2)
  5 skeletal warriors
  10 hell knights (Depths:2)
  3 pharaoh ants
  A spark wasp zombie (D:15)
  11 iron trolls
  A glowing orange brain (Depths:1)
  3 sun moths
  10 sea snakes
  9 steelbarb worms
  2 flayed ghosts
  9 orb spiders
  A tengu zombie (Depths:1)
  43 deep trolls
  Pikel (D:5)
  22 deep elf pyromancers
  5 necromancers
  13 wizards
  18 deep elf archers
  16 harpies
  12 ironbound convokers
  8 lindwurms
  6 orc sorcerers
  2 phantasmal warriors
  24 ugly things
  17 wolf spiders
  26 deep elf zephyrmancers
  7 shining eyes
  14 orc knights
  An iron dragon zombie (D:15)
  2 oklob plants (Lair:5)
  A cyclops (shapeshifter) (Vaults:4)
  12 manticores
  11 cyclopes
  3 elephants (Lair:5)
  18 fauns
  4 moths of wrath
  2 ice statues (IceCv)
  2 rust devils (Depths:1)
  10 vault sentinels
  11 merfolk sirens
  An eye of devastation (Slime:2)
  5 black mambas
  A gargoyle (D:13)
  2 orange demons (Depths:1)
  A kobold demonologist (Bailey)
  12 torpor snails
  8 water nymphs
  10 cane toads
  2 smoke demons
  5 demonic crawlers
  A rime drake (Lair:6)
  7 komodo dragons
  13 yaktaurs
  3 anaconda simulacra (IceCv)
  4 tengu conjurers
  An entropy weaver simulacrum (IceCv)
  9 ice devils
  9 trolls
  17 meliai
  An ancient zyme (Abyss:4)
  A queen bee (D:14)
  31 merfolk
  A meliai (shapeshifter) (D:14)
  3 polar bears
  12 hornets
  18 tarantellas
  6 wind drakes
  4 tyrant leeches (Lair:6)
  A wolf spider simulacrum (D:14)
  12 blink frogs
  147 slime creatures
  3 snapping turtles
  16 dream sheep
  A spriggan zombie (D:15)
  A centaur simulacrum (D:14)
  A spriggan skeleton (Depths:1)
  3 air elementals
  3 spriggans
  5 wraiths
  19 jumping spiders
  A shadow (D:11)
  A ynoxinul (Depths:1)
  11 water elementals
  29 yaks
  17 culicivoras
  A vampire (D:14)
  6 wyverns
  5 dire elephant simulacra (IceCv)
  3 basilisks
  3 neqoxecs (Abyss:4)
  6 golden eyes
  2 chaos spawn
  9 fire elementals
  34 redbacks
  3 steam dragons
  14 vampire mosquitoes
  A warg (Orc:2)
  A harpy simulacrum (IceCv)
  10 water moccasins
  An acid dragon (D:12)
  5 hell hounds
  A floating eye (Slime:5)
  A water moccasin (shapeshifter) (Depths:2)
  54 orc warriors
  Pargi (Sewer)
  A sky beast (D:7)
  A black bear (Lair:5)
  14 ogres
  2 necrophages
  3 wolves (Lair:5)
  10 centaurs
  2 lemures (D:5)
  2 phantoms
  A kobold brigand (D:8)
  4 gnoll sergeants
  12 bullfrogs
  2 scorpions (D:3)
  3 earth elementals
  A glowing shapeshifter simulacrum (Depths:1)
  4 two-headed ogre simulacra
  A water moccasin zombie (D:5)
  A wyvern skeleton (D:7)
  2 water moccasin skeletons
  An elephant simulacrum (IceCv)
  23 killer bees (D:14)
  12 wights
  10 electric eels
  2 howler monkeys (D:9)
  2 centaur zombies
  3 hounds (D:5)
  2 starcursed masses (Abyss:4)
  A jelly (D:5)
  36 orc priests
  Jessica (D:2)
  A scorpion zombie (D:4)
  3 iguanas
  22 orc wizards
  A spriggan simulacrum (D:11)
  A troll simulacrum (D:11)
  2 polar bear simulacra (IceCv)
  A killer bee zombie (D:8)
  A hound skeleton (D:5)
  A mummy (D:5)
  A howler monkey zombie (D:8)
  31 gnolls
  A naga simulacrum (IceCv)
  8 adders
  A white imp (Abyss:4)
  2 adder skeletons (D:4)
  4 worms
  4 dart slugs
  111 orcs
  12 bats
  6 endoplasms
  6 giant cockroaches
  17 goblins
  17 hobgoblins
  A jackal (D:4)
  9 kobolds
  7 quokkas
  8 ball pythons
  3 frilled lizards (D:1)
  8 rats
  2 butterflies (Lair:3)
  A fulminant prism (Slime:2)
  2 tentacles (Shoals:1)
1863 creatures vanquished.

Vanquished Creatures (collateral kills)
  A merfolk siren (Shoals:2)
  A water nymph (Shoals:2)
2 creatures vanquished.

Vanquished Creatures (others)
  A wolf spider (Spider:3)
  A water elemental (Shoals:4)
  651 fulminant prisms
  54 fungi
  307 plants
  6 tentacles (Shoals:1)
  12 withered plants (D:15)
1032 creatures vanquished.

Grand Total: 2897 creatures vanquished

Notes
Turn   | Place    | Note
-------+----------+-------------------------------------------
     0 | D:1      | pkoi the Demigod Conjurer began the quest for the Orb.
     0 | D:1      | Reached XP level 1. HP: 14/14 MP: 5/5
   692 | D:2      | Reached skill level 4 in Conjurations
   775 | D:2      | Reached XP level 2. HP: 20/20 MP: 0/7
   844 | D:2      | Learned a level 2 spell: Searing Ray
   847 | D:2      | Noticed Jessica
   853 | D:2      | Killed Jessica
   854 | D:2      | Reached XP level 3. HP: 9/26 MP: 1/8
  1221 | D:2      | Reached skill level 5 in Conjurations
  1267 | D:2      | Reached XP level 4. HP: 26/33 MP: 1/9
  1924 | D:2      | Identified the +1 scale mail of Sharp Mirth {Dex+7}
  2267 | D:3      | Found a glowing drain.
  2414 | Sewer    | Entered a sewer
  2478 | Sewer    | Noticed Pargi
  2485 | Sewer    | Killed Pargi
  2486 | Sewer    | Reached skill level 6 in Conjurations
  2486 | Sewer    | Reached XP level 5. HP: 38/38 MP: 2/12
  2687 | D:3      | Reached skill level 1 in Armour
  2847 | D:3      | Learned a level 3 spell: Stone Arrow
  2901 | D:3      | Reached XP level 6. HP: 41/45 MP: 3/13
  3080 | D:3      | Learned a level 4 spell: Iskenderun's Mystic Blast
  4172 | D:3      | Reached skill level 1 in Hexes
  4172 | D:3      | Reached skill level 1 in Translocations
  4661 | D:4      | Reached skill level 1 in Earth Magic
  5314 | D:4      | Reached XP level 7. HP: 50/50 MP: 2/15
  5865 | D:5      | Entered Level 5 of the Dungeon
  5879 | D:5      | Found a transporter.
  5892 | D:5      | Found a transporter.
  6306 | D:5      | Noticed Pikel
  6334 | D:5      | Killed Pikel
  6335 | D:5      | Reached XP level 8. HP: 57/57 MP: 7/17
  6785 | D:5      | Learned a level 4 spell: Fulminant Prism
  7537 | D:6      | Found a staircase to the Ecumenical Temple.
  8523 | D:7      | Got the Compendium of the Unstable Arsonist
  8688 | D:7      | Found a flagged portal.
  8713 | Bailey   | Entered a bailey
  9166 | Bailey   | Reached XP level 9. HP: 62/62 MP: 2/19
  9360 | Bailey   | Noticed a kobold demonologist
  9367 | Bailey   | Killed a kobold demonologist
  9368 | Bailey   | Reached skill level 5 in Spellcasting
  9681 | Bailey   | Acquired a staff of conjuration
  9865 | Bailey   | Identified the +3 plate armour "Sythrekhe" {rN++}
 10051 | Bailey   | Noticed an orc knight
 10065 | Bailey   | Killed an orc knight
 10109 | Bailey   | Noticed an orc knight
 10119 | Bailey   | Killed an orc knight
 10238 | Bailey   | Noticed an orc sorcerer
 10415 | Bailey   | Killed an orc sorcerer
 10416 | Bailey   | Reached skill level 5 in Armour
 10416 | Bailey   | Reached skill level 7 in Conjurations
 11566 | D:8      | Identified the +9 flail of Tender Mercy {vorpal, Contam
                  | rPois rN+ rCorr}
 11675 | D:8      | Reached XP level 10. HP: 69/69 MP: 9/22
 11942 | D:8      | Reached skill level 5 in Hexes
 12391 | D:8      | Reached skill level 5 in Translocations
 12664 | D:8      | Reached skill level 5 in Earth Magic
 13328 | D:9      | Reached skill level 1 in Evocations
 13455 | D:9      | Reached skill level 1 in Staves
 14471 | D:9      | Found a staircase to the Lair.
 15277 | D:9      | Found a staircase to the Orcish Mines.
 15708 | Lair:1   | Entered Level 1 of the Lair of Beasts
 15720 | Lair:1   | Found a dark tunnel.
 15726 | Volcano  | Entered a volcano
 15746 | Volcano  | Noticed a sun demon
 15763 | Volcano  | Killed a sun demon
 15850 | Volcano  | Noticed a sun demon
 15851 | Volcano  | Killed a sun demon
 16080 | Volcano  | Noticed a smoke demon
 16091 | Volcano  | Killed a smoke demon
 16175 | Volcano  | Noticed a sun demon
 16191 | Volcano  | Killed a sun demon
 16192 | Volcano  | Reached skill level 5 in Dodging
 16192 | Volcano  | Reached XP level 11. HP: 74/74 MP: 0/24
 16467 | Volcano  | Noticed a sun demon
 16496 | Volcano  | Noticed a sun demon
 16516 | Volcano  | Killed a sun demon
 16516 | Volcano  | Killed a sun demon
 16649 | Volcano  | Noticed a fire dragon
 16680 | Volcano  | Killed a fire dragon
 16996 | Lair:1   | Reached skill level 8 in Conjurations
 17597 | Lair:1   | Noticed a seven-headed hydra
 17603 | Lair:1   | Killed a seven-headed hydra
 17604 | Lair:1   | Reached skill level 1 in Fighting
 18521 | Lair:1   | Noticed a six-headed hydra
 18529 | Lair:1   | Noticed a seven-headed hydra
 18747 | Lair:1   | Killed a six-headed hydra
 18748 | Lair:1   | Killed a seven-headed hydra
 19913 | Lair:2   | Noticed Fannar
 19913 | Lair:2   | Noticed Urug
 19971 | Lair:2   | Killed Urug
 20495 | Lair:2   | Killed Fannar
 20496 | Lair:2   | Reached XP level 12. HP: 89/89 MP: 9/25
 21077 | Lair:2   | Identified the +4 mace of Youthful Indiscretion {vorpal,
                  | rC+ rN+}
 21423 | Lair:3   | Reached skill level 5 in Staves
 22040 | Lair:3   | Reached skill level 9 in Conjurations
 22475 | Lair:3   | Found a hole to the Spider Nest.
 22581 | Lair:3   | Reached skill level 5 in Evocations
 23910 | Lair:4   | Identified the +10 flail "Semm" {venom, Int+2}
 24090 | Lair:4   | Noticed an eight-headed hydra
 24097 | Lair:4   | Killed an eight-headed hydra
 24567 | Lair:4   | Noticed Nessos
 24583 | Lair:4   | Noticed Nessos
 24583 | Lair:4   | Nessos changed into Nessos the culicivora
 24584 | Lair:4   | Killed Nessos the culicivora
 25091 | Lair:4   | Noticed Rupert
 25103 | Lair:4   | Paralysed by Rupert for 2 turns
 25337 | Lair:4   | Found a staircase to the Shoals.
 25521 | Lair:4   | Killed Rupert
 25758 | Lair:4   | Reached skill level 5 in Fighting
 25891 | Lair:4   | Noticed a boulder beetle
 25905 | Lair:4   | Killed a boulder beetle
 26434 | Lair:5   | Noticed a five-headed hydra
 26452 | Lair:5   | Killed a five-headed hydra
 27040 | Lair:5   | Reached XP level 13. HP: 100/100 MP: 15/26
 28080 | Lair:5   | Reached skill level 10 in Conjurations
 28500 | Lair:6   | Entered Level 6 of the Lair of Beasts
 29815 | Lair:6   | Found a runed translucent door.
 30138 | Lair:6   | Acquired Meliufru's Tome of the Creative Volcanoes
 30140 | Lair:6   | Acquired 481 gold pieces
 30142 | Lair:6   | Acquired a book of Blasting
 32143 | D:10     | Entered Level 10 of the Dungeon
 32404 | D:10     | Acquired a +1 cloak of stealth
 32564 | D:10     | Noticed issech's ghost (journeyman MiMo)
 33001 | D:10     | Found a transporter.
 33006 | D:10     | Found a transporter.
 33324 | D:11     | Found a frozen archway.
 33375 | IceCv    | Entered an ice cave
 34945 | IceCv    | Noticed a reaper
 34964 | IceCv    | Killed a reaper
 35543 | D:11     | Reached skill level 11 in Conjurations
 36373 | D:11     | Reached XP level 14. HP: 110/110 MP: 7/27
 37095 | D:11     | Found a runed translucent gate.
 37095 | D:11     | Noticed GilGalad's ghost (journeyman DjFE)
 37134 | D:11     | Found a runed translucent gate.
 37134 | D:11     | Found a runed translucent gate.
 37383 | D:11     | Killed GilGalad's ghost
 39523 | D:12     | Reached skill level 10 in Earth Magic
 39526 | D:12     | Noticed Snorg
 39543 | D:12     | Killed Snorg
 40663 | Shoals:1 | Entered Level 1 of the Shoals
 42024 | D:13     | You fall into a shaft and drop 2 floors!
 42024 | D:15     | Entered Level 15 of the Dungeon
 43340 | D:13     | Found a runed translucent gate.
 43340 | D:13     | Found a runed translucent gate.
 43340 | D:13     | Found a runed translucent gate.
 43349 | D:13     | Noticed Poefus's ghost (journeyman OgCj)
 45035 | D:14     | Reached skill level 12 in Conjurations
 45645 | D:14     | Found a portal to a secret trove of treasure.
 45707 | D:14     | Reached skill level 5 in Stealth
 46119 | D:14     | Found a gate to the Vaults.
 46466 | D:14     | Learned a level 5 spell: Lee's Rapid Deconstruction
 47294 | Orc:1    | Entered Level 1 of the Orcish Mines
 47704 | Orc:1    | Noticed Sonja
 47708 | Orc:1    | Killed Sonja
 48292 | Orc:2    | Entered Level 2 of the Orcish Mines
 48400 | Orc:2    | Reached skill level 10 in Staves
 48919 | Orc:2    | Reached XP level 15. HP: 115/115 MP: 12/28
 50069 | Orc:2    | Noticed Erolcha
 50077 | Orc:2    | Killed Erolcha
 51335 | Orc:2    | Found Xafarr's General Store.
 51345 | Orc:2    | Found Xur Hou's Jewellery Shop.
 52744 | Orc:2    | Found Idetihau's Assorted Antiques.
 52784 | Orc:2    | Found Mat Tox's Jewellery Boutique.
 53198 | Orc:2    | Found a staircase to the Elven Halls.
 54562 | Shoals:1 | Reached skill level 13 in Conjurations
 55181 | Shoals:1 | Found a runed translucent door.
 55182 | Shoals:1 | Noticed greena's ghost (journeyman MiBe)
 55209 | Shoals:1 | Killed greena's ghost
 55228 | Shoals:1 | Identified the +0 ring mail of the Cicada {*Corrode +Inv
                  | Str+4}
 55402 | Shoals:1 | Noticed a kraken
 55816 | Lair:4   | Learned a level 4 spell: Petrify
 55987 | Shoals:2 | Noticed Donald
 55996 | Shoals:1 | Learned a level 3 spell: Ignite Poison
 56377 | Lair:4   | Reached XP level 16. HP: 124/124 MP: 29/29
 56501 | Shoals:1 | Killed Donald
 56747 | Shoals:2 | Reached skill level 1 in Fire Magic
 56759 | Shoals:2 | Reached skill level 1 in Transmutations
 57001 | Shoals:2 | Reached skill level 1 in Poison Magic
 58088 | Shoals:2 | Learned a level 1 spell: Apportation
 64632 | D:15     | Reached XP level 17. HP: 132/132 MP: 2/31
 65778 | D:15     | Found a staircase to the Depths.
 66735 | Elf:1    | Entered Level 1 of the Elven Halls
 69546 | Elf:1    | Paralysed by an air elemental for 1 turns
 69963 | Elf:1    | Found Wilocyec's Assorted Antiques.
 70595 | Elf:1    | Cast into level 4 of the Abyss (a deep elf sorcerer)
 70627 | Abyss:5  | Entered Level 5 of the Abyss
 70716 | Elf:1    | Escaped the Abyss
 71639 | Elf:1    | Found Zyges's Antique Weapon Shoppe.
 71639 | Elf:1    | Found Diclo's Antique Weapon Emporium.
 71700 | Elf:1    | Bought an ivory quarterstaff for 342 gold pieces
 71700 | Elf:1    | Identified the +6 quarterstaff of Hepliaklqana's Grace
                  | {holy, *Slow rPois rC++ Int+3} (You bought it in a shop on
                  | level 1 of the Elven Halls)
 74303 | Elf:2    | Found a runed translucent gate.
 74308 | Elf:2    | Found a runed translucent gate.
 74309 | Elf:2    | Found a runed translucent gate.
 74525 | Elf:2    | Identified Roxanne's Collected Works on Changing
 74525 | Elf:2    | Noticed Roxanne
 74528 | Elf:2    | Killed Roxanne
 74888 | Elf:2    | Noticed Azrael
 74897 | Elf:2    | Killed Azrael
 75720 | Elf:2    | Found Movelegy's General Store.
 76341 | Elf:3    | Entered Level 3 of the Elven Halls
 77037 | Elf:3    | Reached skill level 5 in Transmutations
 78964 | Elf:3    | Found Mopext's Magic Scroll Boutique.
 79177 | Elf:3    | Bought a scroll of blinking for 105 gold pieces
 79177 | Elf:3    | Bought a scroll of brand weapon for 280 gold pieces
 79211 | Elf:3    | Reached XP level 18. HP: 145/145 MP: 13/34
 79924 | Elf:3    | Identified the ring of the Will of the Gods {rN+ rCorr
                  | Str+3 Dex+2 Stlth+}
 80665 | Elf:3    | Cast into level 3 of the Abyss (a deep elf sorcerer)
 80753 | Abyss:4  | Reached XP level 19. HP: 124/151 MP: 20/36
 80753 | Abyss:4  | Reached XP level 20. HP: 130/158 MP: 20/37
 80753 | Abyss:4  | Got an abyssal rune of Zot
 80753 | Abyss:4  | Paralysed by accursed screaming for 1 turns
 80754 | Abyss:4  | Gained mutation: You are weak. (Str -2) [a neqoxec]
 81039 | Abyss:4  | Noticed a bone dragon
 81341 | Elf:3    | Escaped the Abyss
 83492 | Elf:2    | Found a runed translucent gate.
 83492 | Elf:2    | Found a runed translucent gate.
 83492 | Elf:2    | Found a runed translucent gate.
 83653 | Elf:2    | Found Movelegy's General Store.
 83916 | Elf:3    | Identified the +1 robe of Gravitas {-Tele rElec rN+}
 83916 | Elf:3    | Identified the ring of Enemeg {+Blink rElec rPois Int-5
                  | Dex+7}
 84181 | Elf:3    | Identified the ring of Zygan {rPois rF+}
 84780 | Elf:3    | Identified the +1 steam dragon scales "Agiyl" {Will+ rCorr}
 84780 | Elf:3    | Identified the amulet of Ecromm {Spirit rN+}
 84793 | Elf:3    | Identified the +1 leather armour of the Nexus {rPois Str-3
                  | Int+2}
 85667 | Elf:3    | Got the Almanac of Air
 85675 | Elf:3    | Identified the +1 ring mail of Sif Muna's Wrath {Int+5
                  | SInv}
 85679 | Elf:3    | Identified the +1 spear "Myremn" {protect, rC+ Int+4 Dex+3
                  | Stlth+}
 86158 | Spider:1 | Entered Level 1 of the Spider Nest
 87201 | Spider:1 | Identified the +1 robe of Vaferua {Will+}
 87434 | Spider:1 | Noticed Mlioglotl
 87450 | Spider:1 | Killed Mlioglotl
 91051 | Spider:2 | Reached skill level 10 in Fighting
 91624 | Spider:2 | Identified the amulet of Cyeluibb {Reflect Will+ MP+9 SH+5}
 92883 | Spider:3 | Noticed Louise
 92890 | Spider:3 | Killed Louise
 93196 | Spider:3 | Noticed Mara
 93200 | Spider:3 | Noticed pkoi's illusion
 93205 | Spider:3 | Killed Mara
 93717 | Spider:3 | Reached skill level 14 in Conjurations
 96380 | Spider:4 | Entered Level 4 of the Spider Nest
101010 | Spider:4 | Got a gossamer rune of Zot
101552 | Shoals:4 | Entered Level 4 of the Shoals
102153 | Shoals:4 | Reached XP level 21. HP: 164/173 MP: 21/39
103189 | Shoals:4 | Identified the +2 hand axe "Nueh" {flame, rElec Dex+3}
104724 | Shoals:3 | Learned a level 8 spell: Lehudib's Crystal Spear
104985 | Shoals:4 | Found Diroi's Distillery.
104993 | Shoals:4 | Bought a potion of heal wounds for 55 gold pieces
104993 | Shoals:4 | Bought a potion of curing for 33 gold pieces
104993 | Shoals:4 | Bought a potion of curing for 33 gold pieces
105319 | Shoals:4 | Found Xuokh's General Store.
105355 | Shoals:4 | Got a barnacled rune of Zot
105979 | Shoals:4 | Reached skill level 10 in Stealth
106050 | Shoals:4 | Found Taschupopn's Assorted Antiques.
106058 | Shoals:4 | Bought a scroll of blinking for 165 gold pieces
106130 | Shoals:4 | Found Kupaelat's Jewellery Boutique.
106475 | Vaults:1 | Entered Level 1 of the Vaults
109194 | Vaults:1 | Identified the amulet "Ubbebb" {Faith Int-5 Dex+7}
110405 | Vaults:2 | Found Ysegienn's Armour Shop.
110414 | Vaults:2 | Bought the +3 hat of Pondering {ponderous, Will+ MP+10
                  | Int+5} for 571 gold pieces
110414 | Vaults:2 | Found the +3 hat of Pondering {ponderous, Will+ MP+10
                  | Int+5}
110722 | Vaults:2 | Found a transporter.
110740 | Vaults:2 | Found a transporter.
111153 | Vaults:2 | Reached skill level 15 in Conjurations
111287 | Vaults:2 | Found Enakyzupt's Jewellery Shop.
111318 | Vaults:2 | Reached skill level 10 in Spellcasting
112139 | Vaults:2 | Found a staircase to the Crypt.
112705 | Vaults:3 | Found Bib Ypte's Magic Scroll Boutique.
115250 | Vaults:2 | Reached XP level 22. HP: 191/191 MP: 23/42
115893 | Vaults:3 | Reached skill level 15 in Fighting
116646 | Vaults:3 | Reached skill level 15 in Earth Magic
117333 | Vaults:4 | Reached skill level 16 in Conjurations
118388 | Vaults:4 | Found a runed translucent door.
119389 | Vaults:4 | Noticed Feagond's ghost (adept HOMo)
119606 | Vaults:4 | Killed Feagond's ghost
120134 | Depths:1 | Entered Level 1 of the Depths
120864 | Depths:1 | Found a one-way gate to the infinite horrors of the Abyss.
121534 | Depths:1 | Found a gateway to Hell.
121960 | Depths:1 | Found Riabb's Assorted Antiques.
121968 | Depths:1 | Bought a potion of haste for 270 gold pieces
121968 | Depths:1 | Bought a potion of heal wounds for 135 gold pieces
122190 | Depths:1 | Found a one-way gate leading to the halls of Pandemonium.
122381 | Depths:2 | Noticed Bai Suzhen
122392 | Depths:2 | Killed Bai Suzhen
122984 | Depths:2 | Noticed Aizul
122988 | Depths:2 | Killed Aizul
123763 | Depths:1 | Reached skill level 17 in Conjurations
125467 | Depths:2 | Noticed a juggernaut
125514 | Depths:2 | Reached XP level 23. HP: 127/199 MP: 24/46
127068 | Lair:5   | Found a staircase to the Slime Pits.
127114 | Slime:1  | Entered Level 1 of the Pits of Slime
129654 | Slime:2  | You fall into a shaft and drop 1 floor!
132218 | Slime:4  | Reached skill level 18 in Conjurations
132648 | Slime:5  | Entered Level 5 of the Pits of Slime
134340 | Slime:5  | Noticed the Royal Jelly
134489 | Slime:4  | Learned a level 7 spell: Spellforged Servitor
134552 | Slime:5  | Reached skill level 1 in Summonings
135992 | Slime:5  | Killed the Royal Jelly
135992 | Slime:5  | HP: 3/199 [acid blob[the Royal Jelly] (20)]
135992 | Slime:5  | Splashed by an acid blob's acid

Illustrated notes

Levels and vault maps discovered:
D:1:      sevenhm_arrival_forest_fort_small_3, layout_basic,
          serial_bayou_ford_a, lemuel_old_faithful
D:2:      layout_basic, basic_altar, uniq_jessica
D:3:      layout_basic, grunt_temple_overflow_octagram,
          chequers_ecumenical_altar_island, gup_sewer_entry_pipe
D:4:      minmay_clustersquares, layout_rooms, minitemple, st_stairs_9
D:5:      gammafunk_steamed_eel, layout_basic, slow_altar_1, uniq_pikel
D:6:      layout_loops_corners, minmay_temple_entry_mini_moons, chequers_garden
D:7:      layout_cave_pools, lemuel_round_altar, lightli_bailey_entry_fortress
D:8:      layout_basic
D:9:      layout_loops_ring, lair_entry_dummy, minmay_orc_entry_temple_small,
          chequers_serial_rivers_micro_e, hangedman_decor_growths
D:10:     layout_loops_ring, gammafunk_ghost_hive
D:11:     layout_layer_cave, biasface_ghost_orc_armoury,
          portal_ice_cave_entry_ice_simulacra
D:12:     layout_cave_pools, uniq_snorg
D:13:     layout_rooms, maelrawn_ghost_gauntlet_escape
D:14:     layout_roguey [special_room_bee], david_vaults_5,
          hangedman_decor_lopped, trove_entry_hex_spiral
D:15:     gammafunk_depths_entry_grave, layout_long_grid, grunt_dithmenos_smoke
Lair:1:   layout_layer_cave, nicolae_volcano_entry_lava_flow
Lair:2:   layout_layer_cave, basic_altar, uniq_urug, uniq_fannar
Lair:3:   layout_long_grid, nicolae_spider_entry_orb_guardian,
          lemuel_fruit_fields, serial_bayou_shore_a
Lair:4:   layout_big_grid, elwin_shoals_entry_rocks, basic_altar,
          hangedman_lair_generics_rect, uniq_rupert, uniq_nessos
Lair:5:   layout_misc_corridors, minmay_slime_entry_oklob_enclosed,
          grunt_forest_stairs_clearing, grunt_megastairs_2
Lair:6:   wormcave, layout_regular_city
Shoals:1: layout_shoals, ebering_ghost_reflecting_pool
Shoals:2: layout_shoals, nicolae_shoals_dead_sea_scrolls, uniq_donald
Shoals:3: layout_shoals, nicolae_shoals_nymph_descending_staircase
Shoals:4: shoals_end_grunt_garden, layout_shoals, serial_shops, shop, shop,
          nicolae_lakefront_shop, shop
Spider:1: layout_spider_delve, hellmonk_motheaten_closet, uniq_mlioglotl
Spider:2: layout_spider_delve
Spider:3: layout_chambers, uniq_louise, uniq_mara
Spider:4: hellmonk_spider_rune_bug_friends
Slime:1:  layout_caves
Slime:2:  layout_caves, cheibrodos_slime_lost_civilization_6
Slime:3:  layout_caves
Slime:4:  cheibrodos_slime_lost_civilization_3, layout_caves
Slime:5
Orc:1:    layout_diamond_mine, uniq_sonja
Orc:2:    pubby_orc_utopia, uniq_erolcha
Elf:1:    layout_loops_corners, serial_shops, nicolae_shop_overgrown_old_shop,
          basic_altar, minivault_28, minmay_shoptagon
Elf:2:    elven_hall_of_blades_hangedman_original
          [nicolae_blade_entry_antechamber], layout_onion_city, serial_shops,
          shop_fountains, uniq_azrael, uniq_agnes, uniq_roxanne
Elf:3:    elf_hall, layout_loops_cross, serial_shops, shop
Vaults:1: vaults_dpeg_encased_lava, ontoclasm_vaults_eye, grunt_vaults_swirl,
          nicolae_vaults_murderbox, nicolae_vaults_shelves_hall,
          nicolae_vaults_shelves_hall, layout_vaults_omnigrid
Vaults:2: blue_anna_dwarven_crypt, gammafunk_the_bubble
          [the_bubble_gammafunk_grid], nicolae_vaults_network_star,
          nicolae_vaults_rhombus_6, v_misc_19, dpeg_vaults_monster_box,
          nicolae_vaults_little_squares_6, layout_vaults_chaotic_city,
          serial_shops, nicolae_shop_behind_doors, nicolae_shop_trees
Vaults:3: nicolae_vaults_puzzle_piece, nicolae_vaults_alarming,
          st_quartered_hall, hangedman_vaults_hat, hangedman_vaults_impose,
          hangedman_vaults_slice, grunt_vaults_funnel,
          nicolae_vaults_network_square, nicolae_vaults_circle_grid_a,
          nicolae_vaults_bisected_inception, vaults_dpeg_ring,
          nicolae_vaults_little_squares_1, layout_vaults_omnibox, serial_shops,
          nicolae_shop_advertising_works [nicolae_subvault_shop_adworks]
Vaults:4: ebering_ghost_reflecting_pool, v_misc_1, hangedman_vaults_capsules,
          nicolae_vaults_little_squares_4, ontoclasm_vaults_misaligned,
          hangedman_vaults_stream, v_misc_10, ontoclasm_vaults_shuriken,
          hangedman_vaults_river_flow, layout_vaults_big_cross
Depths:1: layout_cave_shapes, abyss_entry_flame_altar, serial_shops, shop,
          hell_entry, grunt_pan_entry_sceptre, due_unseen_surprise
Depths:2: grunt_twisty_corner, layout_gridlike, rand_demon_pan_entry_3,
          abyss_entry, hell_entry, minmay_staircase_windowed_large,
          uniq_bai_suzhen, uniq_aizul

Skill      XL: |  1  2  3  4  5  6  7  8  9 10 11 12 13 14 15 16 17 18 19 20 21 22 23 |
---------------+----------------------------------------------------------------------+-----
Conjurations   | 4 5 6 7 8 9 11 12 13 14 15 17 18 | 18.2
Spellcasting   | 2 3 4 5 6 7 8 9 10 13 14 | 14.0
Armour         | 1 2 3 4 5 6 8 9 |  9.0
Hexes          | 1 2 3 4 5 6 |  6.0
Translocations | 1 2 3 4 5 6 |  6.0
Earth Magic    | 1 2 3 4 5 6 8 9 11 12 13 14 16 17 | 17.4
Dodging        | 2 4 5 6 8 9 |  9.0
Evocations     | 2 4 6 8 9 |  9.0
Staves         | 2 4 6 8 10 11 12 13 14 | 14.0
Fighting       | 3 5 6 7 9 11 14 15 | 15.0
Stealth        | 3 5 6 8 9 10 | 10.0
Fire Magic     | 2 3 |  3.3
Transmutations | 2 5 6 |  6.4
Poison Magic   | 2 3 |  3.4
Summonings     | 2 |  2.0

Action                   |  1- 3 |  4- 6 |  7- 9 | 10-12 | 13-15 | 16-18 | 19-21 | 22-24 || total
-------------------------+-------+-------+-------+-------+-------+-------+-------+-------++-------
Melee: Dagger            |       |     1 |    25 |       |       |       |       |       ||    26
       Whip              |       |       |     7 |       |       |       |       |       ||     7
       Punch             |       |       |     1 |       |     2 |       |     1 |       ||     4
       Staff             |       |       |       |    53 |   105 |    29 |    38 |       ||   225
       Flail             |       |       |       |       |    28 |       |       |       ||    28
       Lajatang          |       |       |       |       |       |       |    92 |   114 ||   206
 Cast: Magic Dart        |    26 |   164 |   174 |    92 |   175 |    32 |    29 |    15 ||   707
       Searing Ray       |     3 |    10 |    10 |     2 |     2 |       |       |       ||    27
       Fulminant Prism   |       |       |    35 |   105 |   330 |    84 |    16 |    83 ||   653
       Stone Arrow       |       |       |    12 |   120 |   130 |     8 |    23 |    56 ||   349
       Iskenderun's Myst |       |       |     5 |    69 |   166 |    66 |    24 |    86 ||   416
       Lee's Rapid Decon |       |       |       |       |    14 |   270 |   712 |   355 ||  1351
       Petrify           |       |       |       |       |     6 |    86 |   190 |    54 ||   336
       Apportation       |       |       |       |       |       |     5 |     1 |       ||     6
       Lehudib's Crystal |       |       |       |       |       |       |     2 |    74 ||    76
Evoke: Wand              |       |       |       |     7 |     6 |     5 |       |       ||    18
  Use: Scroll            |       |     8 |     3 |     7 |    14 |     3 |     4 |       ||    39
       Potion            |       |       |       |       |     2 |       |       |       ||     2
 Stab: Petrified         |       |       |       |       |       |       |    14 |     4 ||    18
       Petrifying        |       |       |       |       |       |       |     8 |       ||     8
Armor: Robe              |       |     1 |       |       |       |       |       |       ||     1
       Troll leather arm |       |    17 |    40 |    51 |   187 |    86 |       |       ||   381
       Ring mail         |       |       |       |       |       |    51 |    44 |       ||    95
       Steam dragon scal |       |       |       |       |       |       |   127 |   112 ||   239
Dodge: Dodged            |     2 |    16 |    70 |   107 |   358 |   159 |   224 |   157 ||  1093
Block: Other             |       |       |       |       |       |       |    50 |    55 ||   105
       Reflection        |       |       |       |       |       |       |    11 |     5 ||    16
